 Dungeon Crawl Stone Soup version 0.20.1-1-g8b1a95d (webtiles) character file.

284 mmigdal the Skirmisher (level 6, -4/48 HPs)
             Began as a Demonspawn Abyssal Knight on Oct 29, 2017.
             Was a Priest of Lugonu.
             Killed from afar by Ijyb (6 damage)
             ... with a wand of acid (?/15)
             ... on level 3 of the Dungeon.
             The game lasted 00:25:11 (4120 turns).

mmigdal the Skirmisher (Demonspawn Abyssal Knight)  Turns: 4120, Time: 00:25:12

Health: -4/48      AC:  7    Str: 12 (15) XL:     6   Next: 7%
Magic:  6/8        EV:  6    Int: 11 (13) God:    Lugonu [***...]
Gold:   173        SH:  0    Dex: 11 (12) Spells: 5/5 levels left

rFire    + + .     SeeInvis .   p - -2 short sword (curse)
rCold    + . .     Gourm    .   (no shield)
rNeg     . . .     Faith    .   r - +0 chain mail
rPois    .         Spirit   .   (helmet restricted)
rElec    .         Reflect  .   l - scarf {rC+ rF+}
rCorr    +         Harm     .   (no gloves)
MR       .....                  (no boots)
Stlth    ..........             (no amulet)
Regen    0.2/turn               b - ring of stealth
MPRegen  0.2/turn               n - ring of resist corrosion

@: corroded, sanguine armour
A: antennae 1, fire resistance 1, sanguine armour 1
a: Depart the Abyss, Bend Space, Banish, Renounce Religion


You were on level 3 of the Dungeon.
You worshipped Lugonu.
Lugonu was most pleased with you.
You were not hungry.

You visited 1 branch of the dungeon, and saw 3 of its levels.
You visited the Abyss 1 time.

You collected 173 gold pieces.

Inventory:

Hand Weapons
 a - a +1 falchion
 p - a cursed -2 short sword (weapon)
 v - a +0 hunting sling
Missiles
 d - 52 stones (quivered)
Armour
 l - a scarf of resistance (worn)
 r - a +0 chain mail (worn)
 s - a +0 helmet
Jewellery
 b - a ring of stealth (left hand)
 f - an uncursed ring of wizardry
 n - a ring of resist corrosion (right hand)
 q - an uncursed ring of magical power
Scrolls
 g - a scroll of identify
 i - 2 scrolls of amnesia
Potions
 e - a potion of agility
 j - 3 potions of curing
 t - a potion of heal wounds {unknown}
Comestibles
 c - 2 bread rations
 h - a meat ration
 m - 3 fruits
 o - 2 royal jellies
 u - 4 chunks of flesh


   Skills:
 + Level 3.9 Fighting
 + Level 3.6 Long Blades
 + Level 1.0 Throwing
 + Level 3.2 Armour
 + Level 1.7 Dodging
 + Level 0.2 Stealth
 + Level 3.3 Invocations


You had 5 spell levels left.
You didn't know any spells.

Dungeon Overview and Level Annotations

Branches:
Dungeon (3/15)

Altars:

Annotations:
D:3 Ijyb


Innate Abilities, Weirdness & Mutations

You have a pair of small antennae on your head.
Your flesh is heat resistant. (rF+)
When seriously injured, your bleeding wounds create armour. (AC +6)


Message History

Space bends around you!
You blink.
You are no longer corroded.
Ijyb screams, "Die!"
Ijyb zaps a wand.
The bolt of acid misses you. Ijyb screams, "Me stronger than you!"
Unknown command.
Ijyb zaps a wand.
The bolt of acid hits you! You resist. The acid corrodes you!
You are splashed with acid!
The acid burns!
You resist.
It was a potion of degeneration.
There was something very wrong with that liquid.
You feel weakened.
You feel dopey.
You feel clumsy. Space bends around you!
You blink.
Space bends around you!
You blink.
You closely miss Ijyb.
Ijyb zaps a wand.
The bolt of acid hits you! You resist.
* * * LOW HITPOINT WARNING * * *
The acid corrodes you!
You are splashed with acid!
The acid burns!
You resist.
* * * LOW HITPOINT WARNING * * *
Space bends around you!
You blink.
Ijyb zaps a wand.
The bolt of acid hits you! You resist.
You die...

.................................
..#..#.....######.#####.#........
..#..#.....#.g..........)........
..#..#.....#.####.......##...####
###..###{##....##............####
###..###.##....###..ยง...#......##
.....##........#####g..........##
.....##......#.................##
.....##......#..@..............##
.....##......#........###......##
.....##......#........# #......##
.............#........# #......##
......#...............# #......##
......#..............## #......##
......#..............####......##
......######...................##
.......#####......)......#####..#


You could see Ijyb.

Vanquished Creatures
  A centaur (D:3)
  An iguana (D:3)
  9 adders
  An ooze (D:2)
  A worm (D:3)
  A dart slug (D:2)
  A leopard gecko (D:3)
  9 orcs (D:3)
  7 bats
  2 giant cockroaches (D:1)
  6 goblins
  15 hobgoblins
  2 jackals (D:3)
  4 quokkas
  4 frilled lizards
  9 kobolds
  11 rats
  A plant (D:1)
85 creatures vanquished.

Notes
Turn   | Place    | Note
-------+----------+-------------------------------------------
     0 | Abyss:1  | mmigdal the Demonspawn Abyssal Knight began the quest for the Orb.
     0 | Abyss:1  | Reached XP level 1. HP: 18/18 MP: 2/2
    28 | Abyss:1  | Found a corrupted altar of Lugonu.
    32 | Abyss:1  | Noticed a thrashing horror
    34 | D:1      | Escaped the Abyss
   328 | D:1      | Reached skill level 1 in Dodging
   340 | D:1      | Gained mutation: When seriously injured, your bleeding wounds create armour. (AC +6) [demonic ancestry]
   340 | D:1      | Reached XP level 2. HP: 12/24 MP: 3/3
   536 | D:1      | Reached * piety under Lugonu
  1049 | D:1      | You fall through a shaft!
  1059 | D:2      | Reached XP level 3. HP: 17/29 MP: 4/4
  2136 | D:2      | Reached XP level 4. HP: 28/36 MP: 5/5
  2256 | D:2      | Reached ** piety under Lugonu
  2959 | D:3      | Noticed a centaur
  2977 | D:3      | Killed a centaur
  2977 | D:3      | Gained mutation: Your flesh is heat resistant. (rF+) [demonic ancestry]
  2977 | D:3      | Reached XP level 5. HP: 26/42 MP: 7/7
  3702 | D:3      | Reached skill level 1 in Throwing
  3753 | D:3      | Gained mutation: You have a pair of small antennae on your head. [demonic ancestry]
  3753 | D:3      | Reached XP level 6. HP: 25/48 MP: 8/8
  4056 | D:3      | Reached *** piety under Lugonu
  4061 | D:3      | Noticed Ijyb
  4120 | D:3      | Killed from afar by Ijyb

Skill      XL: |  1  2  3  4  5 |
---------------+----------------+-----
Long Blades    | 2 3 |  3.6
Dodging        | 1 |  1.7
Armour         | 2 3 |  3.2
Invocations    | 3 |  3.3
Throwing       | 1 |  1.0
Fighting       | |  3.9
Stealth        | |  0.2

Action                   |  1- 3 |  4- 6 || total
-------------------------+-------+-------++-------
Melee: Falchion          |   200 |   162 ||   362
       Short sword       |       |    14 ||    14
Throw: Stone             |     3 |    14 ||    17
Invok: Depart the Abyss  |     1 |       ||     1
       Bend Space        |       |    11 ||    11
  Use: Scroll            |     9 |     2 ||    11
       Potion            |     1 |     1 ||     2
  Eat: Chunk             |     4 |     7 ||    11
Armor: Leather armour    |    31 |       ||    31
       Ring mail         |    26 |     4 ||    30
       Chain mail        |       |    90 ||    90
Dodge: Dodged            |    83 |    61 ||   144
       Rpst.: Falchion   |    30 |    18 ||    48
